 Dungeon Crawl Stone Soup version 0.29-a0-911-g88e6f02907 (webtiles) character file.

Game seed: 16936765207465723987

119 Sabo the Chiller (level 4, 0/31 HPs)
             Began as a Demonspawn Ice Elementalist on July 25, 2022.
             Was a Follower of Okawaru.
             Slain by a dart slug (1 damage)
             ... on level 3 of the Dungeon.
             The game lasted 00:17:48 (3550 turns).

Sabo the Chiller (Demonspawn Ice Elementalist)      Turns: 3550, Time: 00:17:51

Health: 0/31       AC:  3    Str:  8    XL:     4   Next: 74%
Magic:  3/8        EV: 12    Int: 18    God:    Okawaru [*.....]
Gold:   154        SH:  0    Dex: 14    Spells: 8/9 levels left

rFire   . . .      SeeInvis .   g - +0 spear
rCold   . . .      Faith    .   (no shield)
rNeg    + . .      Spirit   .   a - +0 robe
rPois   .          Reflect  .   (no helmet)
rElec   .          Harm     .   (no cloak)
rCorr   .          Rampage  .   (no gloves)
Will    +....                   (no boots)
Stlth   ++........              (no amulet)
HPRegen 0.10/turn               h - ring of positive energy
MPRegen 0.11/turn               j - ring of willpower

@: very slightly contaminated
A: rugged brown scales 1
a: Renounce Religion, Heroism


You were on level 3 of the Dungeon.
You worshipped Okawaru.
Okawaru was aware of your devotion.
You visited 1 branch of the dungeon, and saw 3 of its levels.

You collected 154 gold pieces.

Inventory:

Hand Weapons
 g - a +0 spear (weapon)
 r - a +0 sling
Armour
 a - a +0 robe (worn)
Jewellery
 h - a ring of positive energy (left hand)
 j - a ring of willpower (right hand)
 s - an amulet of guardian spirit
 u - a ring of positive energy
Scrolls
 c - a scroll of poison
 d - a scroll of enchant armour
 k - a scroll of amnesia {unknown}
Potions
 b - a potion of magic
 e - 2 potions of curing {unknown}
 i - a potion of lignification {unknown}
 l - a potion of resistance {unknown}
 m - a potion of ambrosia {unknown}
 n - a potion of mutation {unknown}
 o - a potion of might {unknown}
 p - a potion of brilliance {unknown}
 q - 2 potions of degeneration {unknown}


   Skills:
 + Level 0.3 Fighting
 + Level 0.6 Polearms
 + Level 0.7 Throwing
 + Level 2.0 Dodging
 + Level 2.1 Stealth
 + Level 3.2 Spellcasting
 + Level 4.4 Ice Magic


You had 8 spell levels left.
You knew the following spells:

 Your Spells              Type           Power      Damage    Failure   Level
a - Freeze                Ice            72%        1d9       2%          1

Your spell library contained the following spells:

 Spells                   Type           Power      Damage    Failure   Level
 Frozen Ramparts          Ice            36%        1d5       8%          3
 Ozocubu's Armour         Ice            18%        N/A       8%          3
 Hailstorm                Conj/Ice       10%        3d5       54%         4


Dungeon Overview and Level Annotations

Branches:
Dungeon (3/15)

Altars:
Okawaru


Innate Abilities, Weirdness & Mutations

You are partially covered in rugged brown scales. (AC +1, +3% HP)


Message History

Aim: a goblin You freeze the goblin!
You kill the goblin!
Okawaru accepts your kill.
Casting: Freeze (safe; 2% risk of failure)
Confirm with . or Enter, or press ? or * to list all spells.
Aiming: Freeze (safe; 2% risk of failure)
Press: ? - help, Shift-Dir - straight line, f - goblin
Aim: a goblin, wearing a +0 leather armour You freeze the goblin.
The goblin is severely wounded.
The goblin hits you.
* * * LOW HITPOINT WARNING * * *
The dart slug bites you but does no damage.
Casting: Freeze (safe; 2% risk of failure)
Confirm with . or Enter, or press ? or * to list all spells.
Aiming: Freeze (safe; 2% risk of failure)
Press: ? - help, Shift-Dir - straight line, f/p - goblin
Aim: a goblin, wearing a +0 leather armour (severely wounded)
You miscast Freeze.
You are very lightly contaminated with residual magic.
Nothing appears to happen.
The goblin closely misses you. The dart slug closely misses you.
Casting: Freeze (safe; 2% risk of failure)
Confirm with . or Enter, or press ? or * to list all spells.
Aiming: Freeze (safe; 2% risk of failure)
Press: ? - help, Shift-Dir - straight line, f/p - goblin
Aim: a goblin, wearing a +0 leather armour (severely wounded)
You freeze the goblin!
You kill the goblin!
Okawaru accepts your kill.
Casting: Freeze (safe; 2% risk of failure)
Confirm with . or Enter, or press ? or * to list all spells.
Aiming: Freeze (safe; 2% risk of failure)
Press: ? - help, Shift-Dir - straight line, f - dart slug
Aim: a dart slug You freeze the dart slug.
The dart slug is heavily wounded.
The dart slug bites you.
You die...

## ###### ... #....# .... #....#
g....#########....#####
.......)....#......#..
...((..)@)).'......'..
......(w.)).#......#.
.....#########....## .... #....#
... #....#
#######################''########
≈≈≈≈≈≈≈≈≈≈≈≈≈≈≈≈≈≈≈≈≈.....≈≈≈≈≈≈≈
≈≈≈≈≈≈≈≈≈≈≈≈≈≈≈≈≈≈≈≈≈.....≈≈≈≈≈≈≈
≈≈≈≈≈≈≈≈≈≈≈≈≈≈≈≈≈≈≈≈≈.....≈≈≈≈≈≈≈


You could see a dart slug.

Vanquished Creatures
  Natasha (twice) (D:2)
  An adder (D:2)
  4 bats
  5 endoplasms
  5 giant cockroaches
  8 hobgoblins
  2 quokkas
  2 ball pythons
  3 frilled lizards
  15 goblins
  2 kobolds
  5 rats
54 creatures vanquished.

Notes
Turn   | Place    | Note
-------+----------+-------------------------------------------
     0 | D:1      | Sabo the Demonspawn Ice Elementalist began the quest for
                  | the Orb.
     0 | D:1      | Reached XP level 1. HP: 13/13 MP: 3/3
   607 | D:1      | Gained mutation: You are partially covered in rugged brown
                  | scales. (AC +1, +3% HP) [demonic ancestry]
   607 | D:1      | Reached XP level 2. HP: 13/19 MP: 3/5
   956 | D:1      | Found a faded altar of an unknown god.
   964 | D:1      | Prayed at the altar of an unknown god.
   964 | D:1      | Became a worshipper of Warmaster Okawaru
   964 | D:1      | Reached * piety under Okawaru
  1883 | D:2      | Noticed Natasha
  1989 | D:2      | Reached skill level 4 in Ice Magic
  2329 | D:2      | Killed Natasha
  2330 | D:2      | Reached XP level 3. HP: 12/24 MP: 1/7
  2621 | D:2      | Noticed Natasha
  2628 | D:2      | Killed Natasha
  2629 | D:2      | Reached XP level 4. HP: 23/30 MP: 5/8
  3547 | D:3      | HP: 1/31 [goblin (1)]
  3550 | D:3      | Slain by a dart slug

Illustrated notes

Levels and vault maps discovered:
D:1:      saegor_arrival_simple_b, layout_basic, basic_ecumenical_altar
D:2:      layout_rooms, uniq_natasha
D:3:      minmay_goblin_kobold_castle, layout_rooms,
          grunt_dithmenos_smoke_and_mirrors, lemuel_tele_altar,
          hangedman_abyss_or_decor_stabs

Skill      XL: |  1  2  3  4 |
---------------+-------------+-----
Ice Magic      | 4 |  4.4
Stealth        | 2 |  2.1
Spellcasting   | 3 |  3.2
Dodging        | 2 |  2.0
Fighting       | |  0.3
Polearms       | |  0.6
Throwing       | |  0.7

Action                   |  1- 3 |  4- 6 || total
-------------------------+-------+-------++-------
Melee: Unarmed           |    10 |       ||    10
       Dagger            |     1 |       ||     1
       Spear             |    12 |       ||    12
Throw: Dart              |    12 |     7 ||    19
 Cast: Freeze            |    45 |    26 ||    71
  Use: Scroll            |       |     2 ||     2
Armor: Robe              |     9 |     6 ||    15
Dodge: Dodged            |    30 |    26 ||    56

Table legend: (Time is in decaauts)
 A = Elapsed time spent in this place.
 B = Non-inter-level travel time spent in this place.
 C = Inter-level travel time spent in this place.
 D = Time resting spent in this place.
 E = Time spent auto-exploring this place.
 F = Levels seen in this place.
 G = Mean time per level.
                   A        B        C        D        E       F      G
               +--------+--------+--------+--------+--------+-----+--------+
         Total |   3559 |   3559 |      0 |   1394 |      0 |   3 | 1186.3 |
       Dungeon |   3559 |   3559 |      0 |   1394 |      0 |   3 | 1186.3 |
               +--------+--------+--------+--------+--------+-----+--------+

Top non-repeatable levels by time:
     D:1: 1874 daAuts
     D:2: 977 daAuts
     D:3: 707 daAuts
